 Dungeon Crawl Stone Soup version 0.17-a0-1481-gfdcec5c (webtiles) character file.

130 amnekian the Slasher (level 5, 0/41 HPs)
             Began as a Human Fighter on July 4, 2015.
             Was an Initiate of Okawaru.
             Slain by amnekian's ghost (9 damage)
             ... on level 3 of the Dungeon.
             The game lasted 00:10:33 (3232 turns).

amnekian the Slasher (Human Fighter)                Turns: 3232, Time: 00:10:33

Health: 0/41       AC:  6    Str: 16    XL:     5   Next: 36%
Magic:  5/5        EV:  6    Int:  9    God:    Okawaru [......]
Gold:   75         SH: 11    Dex: 13    Spells: 0 memorised, 4 levels left

rFire  . . .     SeeInvis .     a - +0 long sword
rCold  . . .     Clarity  .     n - +0 scale mail
rNeg   . . .     SustAt   .     r - +2 shield
rPois  .         Gourm    .     (no helmet)
rElec  .         Spirit   .     (no cloak)
rCorr  .         Warding  .     (no gloves)
rMut   .         Stasis   .     (no boots)
MR     .....                    (no amulet)
Stlth  ..........               (no ring)
                                (no ring)

@: glowing, not resistant to hostile enchantments, extremely unstealthy
A: no striking features
a: Renounce Religion


You were on level 3 of the Dungeon.
You worshipped Okawaru.
Okawaru was noncommittal.
You were hungry.

You visited 1 branch of the dungeon, and saw 3 of its levels.

You collected 75 gold pieces.

Inventory:

Hand weapons
 a - a +0 long sword (weapon)
 b - a +0 hunting sling
 s - a +0 blowgun
Missiles
 g - 107 stones (quivered)
 k - 6 curare-tipped needles
Armour
 n - a +0 scale mail (worn)
 r - a +2 shield (worn)
Scrolls
 f - 2 scrolls of recharging {unknown}
 i - 2 scrolls of identify {unknown}
 o - a scroll of random uselessness {unknown}
 q - a scroll of teleportation {unknown}
Potions
 c - a potion of mutation {unknown}
 d - a potion of might
 h - 3 potions of magic {unknown}
 j - 2 potions of curing {unknown}
 p - a potion of beneficial mutation {unknown}
Comestibles
 e - 3 bread rations
 l - 3 meat rations
 m - 2 fruits


   Skills:
 - Level 3.0 Fighting
 * Level 5.1 Long Blades
 - Level 3.0 Armour
 - Level 3.0 Shields


You had 4 spell levels left.
You didn't know any spells.

Dungeon Overview and Level Annotations

Branches:
Dungeon (3/15)

Altars:
Okawaru

Annotations:
D:3 amnekian's ghost, average OpEn


Message History

an uncursed blowgun; 2 curare-tipped needles; a kobold corpse
s - an uncursed blowgun;
k - 4 curare-tipped needles (gained 2) Amnekian's ghost hits you but does no damage.
You block amnekian's ghost's attack.
Amnekian's ghost stares at you and mumbles some strange words.
You fall asleep.
Amnekian's ghost completely misses you.
Amnekian's ghost hits you but does no damage.
Amnekian's ghost closely misses you.
You wake up.
You see here 2 curare-tipped needles.
k - 6 curare-tipped needles (gained 2) Amnekian's ghost hits you but does no damage.
Amnekian's ghost casts a spell at you.
You fall asleep.
Amnekian's ghost hits you!
You wake up.
* * * LOW HITPOINT WARNING * * *
Amnekian's ghost stares at you and mumbles some strange words.
You fall asleep.
Amnekian's ghost hits you!
You wake up.
You die...

#. #.#. ## #.. . ... .#
#. #.. .# #. #.# ..#
#####.##.#######..#
###............W....# #
#.........†###(#@#..# .#
...........##.##.#..##..#
...........#.###.#...#..
..................#....
..........##.###.#...#
..........###.##.##.#
..####.#### ##.#.#..# #.
##...#)# #. ##.##.#


You could see amnekian's ghost.

Vanquished Creatures
  4 gnolls
  4 adders
  An ooze (D:1)
  A worm (D:2)
  A giant gecko (D:1)
  4 giant cockroaches
  6 hobgoblins
  A quokka (D:2)
  A ball python (D:1)
  5 bats
  2 giant newts
  6 goblins
  12 kobolds
  4 rats
52 creatures vanquished.

Notes
Turn   | Place    | Note
--------------------------------------------------------------
     0 | D:1      | amnekian the Human Fighter began the quest for the Orb.
     0 | D:1      | Reached XP level 1. HP: 18/18 MP: 1/1
    62 | D:2      | Reached XP level 2. HP: 14/24 MP: 2/2
   679 | D:1      | Reached XP level 3. HP: 13/29 MP: 3/3
  1613 | D:2      | Found an iron altar of Okawaru.
  1902 | D:2      | Reached XP level 4. HP: 33/35 MP: 4/4
  1910 | D:2      | Became a worshipper of Warmaster Okawaru
  1945 | D:2      | Reached skill level 4 in Long Blades
  2812 | D:2      | Reached XP level 5. HP: 29/41 MP: 5/5
  3025 | D:3      | Reached skill level 5 in Long Blades
  3192 | D:3      | Noticed amnekian's ghost (average OpEn)
  3232 | D:3      | Slain by amnekian's ghost

Vault maps used:
D:1:      dpeg_arrival_round_c, minmay_misc_feat_columns
D:2:      okawaru_metal_pillars_3, first_bread
D:3:      nicolae_overflow_hidden_temple

Action                   |  1- 3 |  4- 6 || total
-------------------------+-------+-------++-------
Melee: Long sword        |   123 |    88 ||   211
 Fire: Hunting sling     |    17 |    16 ||    33
Throw: Stone             |     1 |       ||     1
  Eat: Chunk             |     3 |     4 ||     7
